WIN
SEATTLE (WIN) MARINERS @ NEW YORK (WIN) YANKEES
12/17/2048
 
TOP OF THE 1ST
Seattle (WIN) Mariners batting - Pitching for New York (WIN) Yankees : LHP Nick Turner
Pitching: LHP Nick Turner
Batting: RHB Julian Gregory 0-0: Called Strike
0-1: Called Strike
0-2: Ball
1-2: Ball
2-2: Strikes out looking
Batting: RHB Ryan Criollo 0-0: Foul Ball, location: 2F
0-1: Called Strike
0-2: Ball
1-2: Strikes out swinging
Batting: RHB Kinzo Yokoyama 0-0: Ball
1-0: Ball
2-0: Foul Ball, location: 2F
2-1: SINGLE (Groundball, 4D, EV 105.0 MPH)
Batting: RHB Adan Lake 0-0: Ball
1-0: Fly out, F6 (Line Drive, 6, EV 61.9 MPH)
Top of the 1st over - 0 runs, 1 hit, 0 errors, 1 left on base; Seattle (WIN) 0 - New York (WIN) 0
BOTTOM OF THE 1ST
New York (WIN) Yankees batting - Pitching for Seattle (WIN) Mariners : RHP Bill Porter
Pitching: RHP Bill Porter
Batting: SHB Jay Gagnon 0-0: Foul Ball, location: 2F
0-1: Ball
1-1: Foul Ball, location: 2F
1-2: Fly out, F9 (Flyball, 9S, EV 88.8 MPH)
Batting: RHB Christian Shearer 0-0: Foul Ball, location: 2F
0-1: Swinging Strike
0-2: Strikes out swinging
Batting: RHB Sam Hubbert 0-0: Ball
1-0: Foul Ball, location: 2F
1-1: Fly out, F9 (Flyball, 89D, EV 103.1 MPH)
Bottom of the 1st over - 0 runs, 0 hits, 0 errors, 0 left on base; Seattle (WIN) 0 - New York (WIN) 0
TOP OF THE 2ND
Seattle (WIN) Mariners batting - Pitching for New York (WIN) Yankees : LHP Nick Turner
Batting: LHB Addisu Nyamekye 0-0: Foul Ball, location: 2F
0-1: Ball
1-1: Fly out, F8 (Flyball, 8RS, EV 78.8 MPH)
Batting: RHB Matt Fenimore 0-0: Ball
1-0: DOUBLE (Line Drive, 89D, EV 105.6 MPH)
Batting: RHB Kagetoki Kawai 0-0: Ball
1-0: Called Strike
1-1: Foul Ball, location: 2F
1-2: Ball
2-2: Foul Ball, location: 2F
2-2: Foul Ball, location: 2F
2-2: Foul Ball, location: 2F
2-2: Foul Ball, location: 2F
2-2: Ball
3-2: Foul Ball, location: 2F
3-2: Strikes out looking
Batting: RHB Egidius Kruger 0-0: SINGLE (Flyball, 6MD, EV 96.9 MPH)
Matt Fenimore to third
Runner from 3rd tries for Home, SAFE, throw by CF to home
Batting: LHB Brent Dutcher 0-0: Ball
Egidius Kruger is caught stealing 2nd base 2-6
Top of the 2nd over - 1 run, 2 hits, 0 errors, 0 left on base; Seattle (WIN) 1 - New York (WIN) 0
BOTTOM OF THE 2ND
New York (WIN) Yankees batting - Pitching for Seattle (WIN) Mariners : RHP Bill Porter
Batting: LHB Jared Zulkowski 0-0: Swinging Strike
0-1: Foul Ball, location: 2F
0-2: Foul Ball, location: 2F
0-2: Ball
1-2: Ground out 4-3 (Groundball, 4, EV 85.6 MPH)
Batting: SHB David Stewart 0-0: Ball
1-0: Foul Ball, location: 2F
1-1: Foul Ball, location: 2F
1-2: Foul Ball, location: 2F
1-2: SINGLE (Flyball, 6D, EV 86.2 MPH)
Batting: RHB Tim Osborn 0-0: Fly out, F4 (Line Drive, 4D, EV 68.8 MPH)
Batting: RHB Greg Harden 0-0: Called Strike
0-1: Swinging Strike
0-2: Foul Ball, location: 2F
0-2: Ball
1-2: Fly out, F3 (Line Drive, 3, EV 58.1 MPH)
Bottom of the 2nd over - 0 runs, 1 hit, 0 errors, 1 left on base; Seattle (WIN) 1 - New York (WIN) 0
TOP OF THE 3RD
Seattle (WIN) Mariners batting - Pitching for New York (WIN) Yankees : LHP Nick Turner
Batting: LHB Brent Dutcher 0-0: Called Strike
0-1: Swinging Strike
0-2: Ball
1-2: Ball
2-2: Fly out, F9 (Flyball, 9LM, EV 97.5 MPH)
Batting: RHB Julian Gregory 0-0: Called Strike
0-1: Called Strike
0-2: Fly out, F9 (Flyball, 89M, EV 83.1 MPH)
Batting: RHB Ryan Criollo 0-0: Ball
1-0: Ball
2-0: Called Strike
2-1: Called Strike
2-2: Foul Ball, location: 2F
2-2: Foul Ball, location: 2F
2-2: Foul Ball, location: 2F
2-2: SINGLE (Groundball, 6MD, EV 103.1 MPH)
Batting: RHB Kinzo Yokoyama 0-0: Called Strike
0-1: Called Strike
0-2: Ball
1-2: Strikes out swinging
Top of the 3rd over - 0 runs, 1 hit, 0 errors, 1 left on base; Seattle (WIN) 1 - New York (WIN) 0
BOTTOM OF THE 3RD
New York (WIN) Yankees batting - Pitching for Seattle (WIN) Mariners : RHP Bill Porter
Batting: RHB Javier Umanzor 0-0: Called Strike
0-1: Ball
1-1: Called Strike
1-2: Fly out, F7 (Flyball, 7LS, EV 86.9 MPH)
Batting: SHB Houston Phillips 0-0: Ball
1-0: SINGLE (Groundball, 23, EV 65.0 MPH) (infield hit)
Batting: SHB Jay Gagnon 0-0: Foul Ball, location: 2F
0-1: Ball
1-1: Fly out, F9 (Flyball, 9D, EV 101.2 MPH)
Batting: RHB Christian Shearer 0-0: Ball
1-0: Fly out, F8 (Flyball, 8LD, EV 103.8 MPH)
Bottom of the 3rd over - 0 runs, 1 hit, 0 errors, 1 left on base; Seattle (WIN) 1 - New York (WIN) 0
TOP OF THE 4TH
Seattle (WIN) Mariners batting - Pitching for New York (WIN) Yankees : LHP Nick Turner
Batting: RHB Adan Lake 0-0: Foul Ball, location: 2F
0-1: SINGLE (Groundball, 4M, EV 85.6 MPH) (infield hit)
Batting: LHB Addisu Nyamekye 0-0: Fielders Choice at 2nd, 3-6 (Groundball, 3, EV 79.4 MPH)
Batting: RHB Matt Fenimore 0-0: Called Strike
0-1: Ball
1-1: Ball
2-1: Swinging Strike
2-2: Ball
3-2: Strikes out swinging
Batting: RHB Kagetoki Kawai 0-0: Ball
1-0: Ball
2-0: Ball
3-0: SINGLE (Groundball, 4S, EV 70.0 MPH) (infield hit)
Addisu Nyamekye to second
Batting: RHB Egidius Kruger 0-0: Fly out, F6 (Line Drive, 6, EV 69.4 MPH)
Top of the 4th over - 0 runs, 2 hits, 0 errors, 2 left on base; Seattle (WIN) 1 - New York (WIN) 0
BOTTOM OF THE 4TH
New York (WIN) Yankees batting - Pitching for Seattle (WIN) Mariners : RHP Bill Porter
Batting: RHB Sam Hubbert 0-0: Called Strike
0-1: Foul Ball, location: 2F
0-2: Ball
1-2: Strikes out looking
Batting: LHB Jared Zulkowski 0-0: Called Strike
0-1: Ball
1-1: Ball
2-1: Foul Ball, location: 2F
2-2: Ball
3-2: Ground out 6-3 (Groundball, 6M, EV 110.0 MPH)
Batting: SHB David Stewart 0-0: Fly out, F9 (Line Drive, 89M, EV 101.2 MPH)
Bottom of the 4th over - 0 runs, 0 hits, 0 errors, 0 left on base; Seattle (WIN) 1 - New York (WIN) 0
TOP OF THE 5TH
Seattle (WIN) Mariners batting - Pitching for New York (WIN) Yankees : LHP Nick Turner
Batting: LHB Brent Dutcher 0-0: Foul Ball, location: 2F
0-1: Fly out, F9 (Line Drive, 9, EV 88.1 MPH)
Batting: RHB Julian Gregory 0-0: Called Strike
0-1: Ball
1-1: Ball
2-1: Foul Ball, location: 2F
2-2: SINGLE (Groundball, 5D, EV 96.9 MPH)
Batting: RHB Ryan Criollo 0-0: Called Strike
0-1: Foul Ball, location: 2F
0-2: Ball
1-2: Strikes out swinging
Batting: RHB Kinzo Yokoyama 0-0: Called Strike
Julian Gregory is caught stealing 2nd base 2-4
Top of the 5th over - 0 runs, 1 hit, 0 errors, 0 left on base; Seattle (WIN) 1 - New York (WIN) 0
BOTTOM OF THE 5TH
New York (WIN) Yankees batting - Pitching for Seattle (WIN) Mariners : RHP Bill Porter
Batting: RHB Tim Osborn 0-0: Called Strike
0-1: Foul Ball, location: 2F
0-2: Ball
1-2: Ball
2-2: Strikes out looking
Batting: RHB Greg Harden 0-0: Ball
1-0: Called Strike
1-1: SINGLE (Groundball, 56D, EV 100.6 MPH)
Batting: RHB Javier Umanzor 0-0: Called Strike
0-1: Ball
1-1: Grounds into double play, 6-4-3 (Groundball, 6, EV 81.9 MPH)
Bottom of the 5th over - 0 runs, 1 hit, 0 errors, 0 left on base; Seattle (WIN) 1 - New York (WIN) 0
TOP OF THE 6TH
Seattle (WIN) Mariners batting - Pitching for New York (WIN) Yankees : LHP Nick Turner
Batting: RHB Kinzo Yokoyama 0-0: Called Strike
0-1: Ground out 6-3 (Groundball, 6M, EV 76.9 MPH)
Batting: RHB Adan Lake 0-0: Foul Ball, location: 2F
0-1: Ground out 5-3 (Groundball, 5L, EV 86.9 MPH)
Batting: LHB Addisu Nyamekye 0-0: Swinging Strike
0-1: Ball
1-1: Foul Ball, location: 2F
1-2: Strikes out swinging
Top of the 6th over - 0 runs, 0 hits, 0 errors, 0 left on base; Seattle (WIN) 1 - New York (WIN) 0
BOTTOM OF THE 6TH
New York (WIN) Yankees batting - Pitching for Seattle (WIN) Mariners : RHP Bill Porter
Batting: SHB Houston Phillips 0-0: Fly out, F8 (Flyball, 8LD, EV 98.8 MPH)
Batting: SHB Jay Gagnon 0-0: Called Strike
0-1: Foul Ball, location: 9LSF, Error on foul ball, E9
0-2: Foul Ball, location: 2F
0-2: Ground out 5-3 (Groundball, 56, EV 89.4 MPH)
Batting: RHB Christian Shearer 0-0: Ball
1-0: Called Strike
1-1: Called Strike
1-2: Ball
2-2: Strikes out looking
Bottom of the 6th over - 0 runs, 0 hits, 1 error, 0 left on base; Seattle (WIN) 1 - New York (WIN) 0
TOP OF THE 7TH
Seattle (WIN) Mariners batting - Pitching for New York (WIN) Yankees : LHP Nick Turner
Batting: RHB Matt Fenimore 0-0: Ball
1-0: Ball
2-0: Ball
3-0: Foul Ball, location: 2F
3-1: Swinging Strike
3-2: Strikes out swinging
Batting: RHB Kagetoki Kawai 0-0: Ball
1-0: Ball
2-0: Called Strike
2-1: Called Strike
2-2: Strikes out swinging
Batting: RHB Egidius Kruger 0-0: Called Strike
0-1: Foul Ball, location: 2F
0-2: Ground out 6-3 (Groundball, 6, EV 83.8 MPH)
Top of the 7th over - 0 runs, 0 hits, 0 errors, 0 left on base; Seattle (WIN) 1 - New York (WIN) 0
BOTTOM OF THE 7TH
New York (WIN) Yankees batting - Pitching for Seattle (WIN) Mariners : RHP Bill Porter
Batting: RHB Sam Hubbert 0-0: Ball
1-0: Ball
2-0: Ball
3-0: Base on Balls
Batting: LHB Jared Zulkowski 0-0: SINGLE (Flyball, 34D, EV 92.5 MPH)
Sam Hubbert to second
Batting: SHB David Stewart 0-0: Called Strike
0-1: Ball
1-1: Ball
2-1: Ball
3-1: Base on Balls
Sam Hubbert to third
Jared Zulkowski to second
Batting: RHB Tim Osborn 0-0: Ball
1-0: Ball
2-0: SINGLE (Groundball, 6MD, EV 104.4 MPH)
Sam Hubbert scores
Jared Zulkowski to third
David Stewart to second
Batting: RHB Greg Harden 0-0: Ball
1-0: Called Strike
1-1: Ball
2-1: Fly out, F7 (Flyball, 78D, EV 107.5 MPH)
Runner from 3rd tags up, SCORES, throw by LF
Batting: RHB Javier Umanzor 0-0: Called Strike
0-1: Ball
1-1: Fly out, F8 (Line Drive, 8RM, EV 95.6 MPH)
Batting: SHB Houston Phillips 0-0: Called Strike
0-1: Called Strike
0-2: Foul Ball, location: 2F
0-2: Foul Ball, location: 2F
0-2: Ball
1-2: Ball
2-2: Fielders Choice at 2nd, 5-4 (Groundball, 5, EV 83.8 MPH)
Bottom of the 7th over - 2 runs, 2 hits, 0 errors, 2 left on base; Seattle (WIN) 1 - New York (WIN) 2
TOP OF THE 8TH
Seattle (WIN) Mariners batting - Pitching for New York (WIN) Yankees : LHP Nick Turner
Pitching: RHP Ricky Mercer
Now in LF: Tim Osborn
Now in CF: Alex Colon
Batting: LHB Brent Dutcher 0-0: Called Strike
0-1: SINGLE (Groundball, 34D, EV 97.5 MPH)
Batting: RHB Julian Gregory 0-0: Ball
1-0: Sac Bunt to 15S - play at first, batter OUT! 1-3
Brent Dutcher to second
Batting: RHB Ryan Criollo 0-0: Called Strike
0-1: Ball
1-1: Swinging Strike
1-2: Strikes out looking
Batting: RHB Kinzo Yokoyama 0-0: Ball
1-0: Swinging Strike
1-1: Fly out, F2 (Popup, 15S, EV 95.0 MPH)
Top of the 8th over - 0 runs, 1 hit, 0 errors, 1 left on base; Seattle (WIN) 1 - New York (WIN) 2
BOTTOM OF THE 8TH
New York (WIN) Yankees batting - Pitching for Seattle (WIN) Mariners : RHP Bill Porter
Pitching: RHP Ian Gaines
Batting: SHB Jay Gagnon 0-0: Ball
1-0: Foul Ball, location: 2F
1-1: Ball
2-1: Ball
3-1: TRIPLE (Flyball, 78XD, EV 87.5 MPH)
Batting: RHB Christian Shearer 0-0: Ball
1-0: SINGLE (Groundball, 56, EV 98.1 MPH)
Jay Gagnon scores
Batting: RHB Sam Hubbert 0-0: Ball
1-0: TRIPLE (Flyball, 7LD, EV 106.9 MPH)
Christian Shearer scores
Batting: LHB Jared Zulkowski 0-0: Intentional Walk
Batting: SHB David Stewart 0-0: Called Strike
0-1: Ball
1-1: Ball
2-1: Ball
3-1: Base on Balls
Jared Zulkowski to second
Batting: RHB Tim Osborn 0-0: SINGLE (Groundball, 6, EV 104.4 MPH)
Sam Hubbert scores
Jared Zulkowski to third
David Stewart to second
Batting: RHB Alex Colon 0-0: Ball
1-0: Called Strike
1-1: Fly out, F7 (Line Drive, 7, EV 86.2 MPH)
Runner from 3rd tags up, SCORES, throw by LF
Pitching: RHP Marty Maginnis
Batting: RHB Javier Umanzor 0-0: Ball
1-0: Ball
2-0: Grounds into double play, 1-6-3 (Groundball, 13S, EV 69.4 MPH)
Bottom of the 8th over - 4 runs, 4 hits, 0 errors, 1 left on base; Seattle (WIN) 1 - New York (WIN) 6
TOP OF THE 9TH
Seattle (WIN) Mariners batting - Pitching for New York (WIN) Yankees : RHP Ricky Mercer
Batting: RHB Adan Lake 0-0: Ball
1-0: Swinging Strike
1-1: Ball
2-1: Called Strike
2-2: Ball
3-2: Base on Balls
Batting: LHB Addisu Nyamekye 0-0: Called Strike
0-1: Ball
1-1: Called Strike
1-2: Ball
2-2: Ball
3-2: Fly out, F9 (Flyball, 9LSF, EV 91.2 MPH)
Batting: RHB Matt Fenimore 0-0: Ball
1-0: Ball
2-0: Grounds into double play, 4-6-3 (Groundball, 34D, EV 89.4 MPH)
Top of the 9th over - 0 runs, 0 hits, 0 errors, 0 left on base; Seattle (WIN) 1 - New York (WIN) 6
Tuesday, March 28th , 2023 - OOTP Baseball 23.10 Build 110